 Dungeon Crawl Stone Soup version 0.30-a0-42-g806c11bf1d (webtiles) character file.

Game seed: 2558805118528905989

994 hellse the Thaumaturge (level 7, -1/41 HPs)
             Began as a Deep Elf Conjurer on Aug 31, 2022.
             Was an Initiate of Vehumet.
             Slain by Pikel
             ... wielding a +1 whip of electrocution
              (7 damage)
             ... on level 5 of the Dungeon.
             The game lasted 00:07:54 (5761 turns).

hellse the Thaumaturge (Deep Elf Conjurer)          Turns: 5761, Time: 00:07:54

Health: -1/41      AC:  4    Str:  4    XL:     7   Next: 99%
Magic:  7/21       EV: 12    Int: 25    God:    Vehumet [......]
Gold:   211        SH:  0    Dex: 13    Spells: 16/23 levels left

rFire   . . .      SeeInvis .    q - +2 flail (protect)
rCold   + . .      Faith    .    (no shield)
rNeg    . . .      Spirit   .    a - +0 robe
rPois   .          Reflect  .    (no helmet)
rElec   .          Harm     .    d - +0 cloak
rCorr   .          Rampage  .    (no gloves)
Will    .....                    f - +0 pair of boots
Stlth   ++........               (no amulet)
HPRegen 0.13/turn                x - ring of protection from cold
MPRegen 0.17/turn                (no ring)

@: no status effects
A: no striking features
a: Renounce Religion


You were on level 5 of the Dungeon.
You worshipped Vehumet.
Vehumet was noncommittal.
You visited 2 branches of the dungeon, and saw 6 of its levels.

You collected 211 gold pieces.

Inventory:

Hand Weapons
 l - a +0 mace
 q - a +2 flail of protection (weapon)
Missiles
 j - 3 throwing nets
Armour
 a - a +0 robe (worn)
 d - a +0 cloak (worn)
 f - a +0 pair of boots (worn)
 s - the +1 robe of Rotation {Harm}
   (You took it off a hobgoblin on level 3 of the Dungeon)

   Harm:      It increases damage dealt and taken.
 A - a +1 leather armour of poison resistance
Jewellery
 x - a ring of protection from cold (left hand)
Wands
 y - a wand of flame (3)
Scrolls
 c - a scroll of poison
 i - a scroll of immolation
 k - a scroll of enchant armour
 m - a scroll of enchant weapon
 n - a scroll of fear {unknown}
 o - a scroll of summoning {unknown}
 p - a scroll of noise {unknown}
 u - a scroll of blinking {unknown}
 v - a scroll of identify
 w - a scroll of butterflies {unknown}
Potions
 b - 2 potions of magic
 e - a potion of flight {unknown}
 g - 2 potions of mutation {unknown}
 h - 3 potions of curing {unknown}
 r - a potion of might {unknown}
 t - a potion of attraction {unknown}
 z - a potion of cancellation {unknown}


   Skills:
 - Level 3.2 Fighting
 - Level 2.4 Dodging
 - Level 2.4 Stealth
 + Level 8.8 Spellcasting
 - Level 7.2 Conjurations


You had 16 spell levels left.
You knew the following spells:

 Your Spells              Type           Power      Damage    Failure   Level
a - Magic Dart            Conj           100%       1d8       1%          1
b - Searing Ray           Conj           94%        2d7       1%          2
c - Iskenderun's Mystic   Conj/Tloc      29%        2d7       12%         4

Your spell library contained the following spells:

 Spells                   Type           Power      Damage    Failure   Level
 Dazzling Flash           Conj/Hex       58%        N/A       3%          3
 Apportation              Tloc           22%        N/A       5%          1
 Necrotise                Necr           44%        1d6       5%          1
 Summon Small Mammal      Summ           44%        N/A       5%          1
 Fulminant Prism          Conj/Hex       14%        3d9       12%         4
 Ignite Poison            Fire/Tmut/Pois 11%        N/A       17%         3
 Spider Form              Tmut/Pois      11%        N/A       17%         3
 Summon Forest            Summ/Tloc      5%         N/A       83%         5


Dungeon Overview and Level Annotations

Branches:
Dungeon (5/15)             Temple (1/1) D:5

Altars:
Cheibriados
Gozag
Makhleb
Nemelex Xobeh
Okawaru
Qazlal
Sif Muna
Trog
Uskayaw
Vehumet
Xom
Yredelemnul
Zin

Annotations:
D:3 3 runed translucent doors, Newt's ghost, amateur DsGl; gregwegmann's ghost, amateur GrMo; ytrimaz's ghost, weakling OpTm
D:4 2 transporters, porpoise's ghost, amateur MfGl
D:5 2 runed translucent doors, Pikel; innerfire433's ghost, novice DsMo


Message History

The searing ray misses Pikel.
The searing ray hits the lemure!
The lemure is moderately wounded.
You finish channelling your searing ray.
The lemure shouts!
Pikel hits you with a +1 whip of electrocution!
Casting: Searing Ray (safe; 1% risk of failure)
Confirm with . or Enter, or press ? or * to list all spells.
Aiming: Searing Ray (safe; 1% risk of failure)
Press: ? - help, Shift-Dir - straight line, f/p - Pikel
Aim: Pikel, wielding a +1 whip of electrocution and wearing a +0 robe (heavily wounded, 77% to hit)
The searing ray misses Pikel.
The searing ray hits the lemure.
The lemure is moderately wounded. (Press . to maintain the ray.) Pikel hits you with a +1 whip of electrocution.
The lemure hits you.
* * * LOW HITPOINT WARNING * * *
Unknown command.
The searing ray hits Pikel!
Pikel is severely wounded.
The searing ray hits the lemure!
The lemure is severely wounded.
The searing ray hits the lemure!
The lemure is moderately wounded.
Pikel hits you with a +1 whip of electrocution.
* * * LOW HITPOINT WARNING * * *
The lemure hits you but does no damage.
Unknown command.
The searing ray hits Pikel!
Pikel is almost dead.
The searing ray hits the lemure!
The lemure is severely wounded.
Pikel barely misses you. The lemure closely misses you.
Unknown command.
Unknown command.
Unknown command.
The searing ray misses Pikel.
The searing ray hits the lemure!
The lemure is almost dead.
You finish channelling your searing ray.
Pikel hits you with a +1 whip of electrocution!
You die...

...8## ######'#+##.###.#.
..P..######
#.........#.#.....
..)..)....#
+....)....+.......
....#####.##
#.........#...#.#. ....#
#..#####.........###.#.#.
....#
##..#...............##P..
....#
#####.......5####.###......
....# #.<.......5K.#
#........P8 ....#
#.........@5.# ######.....
....#
#...........#####....'.....
..###
#.......#.#.##....####.....
..#
#.....>.._..##....#........
..#
######..#.####....#.#......
.### #....# #....#.#......
...# #....####...##.#......
..<# #...........##.#.##...
##.# #...#####......#.....#


You could see Pikel and 3 lemures.

Vanquished Creatures
  Menkaure (D:5)
  A centaur (D:5)
  A phantom (D:5)
  A lemure (D:5)
  A scorpion (D:5)
  2 necrophages (D:4)
  A bullfrog zombie (D:5)
  3 hounds
  2 orc priests (D:5)
  Ijyb (D:5)
  3 iguanas
  A killer bee zombie (D:5)
  2 hound zombies (D:5)
  A howler monkey zombie (D:5)
  6 gnolls
  5 adders
  A shadow imp (D:5)
  A worm (D:3)
  4 dart slugs
  4 orcs
  4 endoplasms
  A giant cockroach (D:2)
  3 goblins
  5 hobgoblins
  5 jackals
  2 quokkas
  4 ball pythons
  6 bats
  7 frilled lizards
  4 kobolds
  7 rats
90 creatures vanquished.

Vanquished Creatures (others)
  7 withered plants (D:5)
7 creatures vanquished.

Grand Total: 97 creatures vanquished

Notes
Turn   | Place    | Note
-------+----------+-------------------------------------------
     0 | D:1      | hellse the Deep Elf Conjurer began the quest for the Orb.
     0 | D:1      | Reached XP level 1. HP: 10/10 MP: 6/6
   210 | D:1      | Reached XP level 2. HP: 15/15 MP: 5/8
   420 | D:1      | Reached skill level 5 in Conjurations
   451 | D:1      | Got the Cyclopedia of Dimensional Toxicity
   974 | D:2      | Learned a level 2 spell: Searing Ray
  1013 | D:2      | Reached XP level 3. HP: 19/19 MP: 5/9
  1533 | D:2      | Reached skill level 4 in Spellcasting
  1771 | D:3      | Reached XP level 4. HP: 22/24 MP: 1/12
  1926 | D:3      | Learned a level 4 spell: Iskenderun's Mystic Blast
  2008 | D:3      | Found a faded altar of an unknown god.
  2223 | D:4      | Noticed a necrophage
  2229 | D:4      | Killed a necrophage
  2230 | D:4      | Reached skill level 5 in Spellcasting
  2230 | D:4      | Reached XP level 5. HP: 28/28 MP: 5/15
  2306 | D:4      | Reached skill level 6 in Spellcasting
  2357 | D:5      | Entered Level 5 of the Dungeon
  2363 | D:5      | Reached skill level 1 in Fighting
  2444 | D:5      | Found a large runed translucent door.
  2445 | D:5      | Found a large runed translucent door.
  2447 | D:5      | Noticed innerfire433's ghost (novice DsMo)
  2577 | D:5      | Reached XP level 6. HP: 35/35 MP: 11/17
  2885 | D:5      | Found a bloodstained altar of Trog.
  3009 | D:5      | Noticed Menkaure
  3105 | D:5      | Killed Menkaure
  3106 | D:5      | Reached XP level 7. HP: 23/41 MP: 11/18
  3323 | D:5      | Found a staircase to the Ecumenical Temple.
  3337 | Temple   | Entered the Ecumenical Temple
  3587 | Temple   | Became a worshipper of Vehumet
  3684 | D:5      | Reached skill level 7 in Spellcasting
  4110 | D:3      | Identified the +1 robe of Rotation {Harm}
  4290 | D:3      | Found a runed translucent gate.
  4291 | D:3      | Found a runed translucent gate.
  4291 | D:3      | Found a runed translucent gate.
  4292 | D:3      | Noticed ytrimaz's ghost (weakling OpTm)
  4292 | D:3      | Noticed Newt's ghost (amateur DsGl)
  4292 | D:3      | Noticed gregwegmann's ghost (amateur GrMo)
  4675 | D:4      | Found a transporter.
  4776 | D:4      | Reached skill level 8 in Spellcasting
  5113 | D:4      | Noticed porpoise's ghost (amateur MfGl)
  5114 | D:4      | Found a transporter.
  5530 | D:5      | Noticed Ijyb
  5541 | D:5      | Killed Ijyb
  5747 | D:5      | Noticed Pikel
  5761 | D:5      | Slain by Pikel

Illustrated notes

Levels and vault maps discovered:
D:1:      mrwooster_arrival_statue_3, layout_loops_ring, kennysheep_flooded_box
D:2:      minmay_angry_zag, layout_basic, dreamdust_wishing_well
D:3:      layout_rooms, gammafunk_ghost_cemetery, ebering_ecumenical_altar_hall,
          kennysheep_generic_room_15
D:4:      layout_basic, gammafunk_ghost_mausoleum, minmay_door_square
D:5:      layout_basic, lemuel_crystal_altar,
          nicolae_kikubaaqudgha_miasma_corner, minmay_temple_entry_stoned_glass,
          ebering_ghost_disaster_area, serial_undead, serial_undead_c,
          serial_undead_c, serial_undead_c, serial_undead_e, serial_undead_d,
          uniq_ijyb, uniq_menkaure, uniq_pikel
Temple:   minmay_temple_forest_path

Skill      XL: |  1  2  3  4  5  6  7 |
---------------+----------------------+-----
Conjurations   | 5 7 |  7.2
Spellcasting   | 4 5 6 8 |  8.8
Fighting       | 2 3 |  3.2
Dodging        | |  2.4
Stealth        | |  2.4

Action                   |  1- 3 |  4- 6 |  7- 9 || total
-------------------------+-------+-------+-------++-------
 Cast: Magic Dart        |    54 |    51 |    38 ||   143
       Searing Ray       |     5 |    21 |    18 ||    44
Evoke: Wand              |       |       |     1 ||     1
  Use: Scroll            |       |     6 |       ||     6
Armor: Robe              |     2 |     5 |     3 ||    10
Dodge: Dodged            |    11 |    19 |    11 ||    41

Table legend: (Time is in decaauts)
 A = Elapsed time spent in this place.
 B = Non-inter-level travel time spent in this place.
 C = Inter-level travel time spent in this place.
 D = Time resting spent in this place.
 E = Time spent auto-exploring this place.
 F = Levels seen in this place.
 G = Mean time per level.
                   A        B        C        D        E       F      G
               +--------+--------+--------+--------+--------+-----+--------+
         Total |   5761 |   5399 |    362 |   1517 |   3248 |   6 |  960.2 |
       Dungeon |   5451 |   5160 |    291 |   1517 |   3022 |   5 | 1090.2 |
        Temple |    310 |    239 |     71 |      0 |    226 |   1 |  310.0 |
               +--------+--------+--------+--------+--------+-----+--------+

Top non-repeatable levels by time:
     D:5: 1555 daAuts
     D:4: 1257 daAuts
     D:2: 1015 daAuts
     D:1: 816 daAuts
     D:3: 806 daAuts
  Temple: 310 daAuts
